 Dungeon Crawl Stone Soup version 0.27-a0-1232-gc6a4cbde82 (webtiles) character file.

Game seed: 7488261729297324553

91 ZappyNine the Covered (level 4, -2/37 HPs)
             Began as a Formicid Abyssal Knight on June 8, 2021.
             Was a Believer of Lugonu.
             Slain by Robin
             ... wielding a +4 club
              (4 damage)
             ... on level 3 of the Dungeon.
             The game lasted 00:04:12 (2741 turns).

ZappyNine the Covered (Formicid Abyssal Knight)     Turns: 2741, Time: 00:04:12

Health: -2/37      AC:  9    Str: 15 (17) XL:     4   Next: 88%
Magic:  6/6        EV:  6    Int:  9 (12) God:    Lugonu [**....]
Gold:   87         SH:  0    Dex:  7 (10) Spells: 3/3 levels left

rFire    . . .     SeeInvis +   a - +1 falchion
rCold    . . .     Faith    .   (no shield)
rNeg     . . .     Spirit   .   d - +0 chain mail
rPois    .         Reflect  .   (helmet unavailable)
rElec    .         Harm     .   (no cloak)
rCorr    .         Rampage  .   (no gloves)
Will     .....                  (no boots)
Stlth    ..........             (no amulet)
HPRegen  0.12/turn              (no ring)
MPRegen  0.10/turn              (no ring)

@: mighty
A: permanent stasis, dig shafts and tunnels, antennae 3, four strong arms
a: Dig, Shaft Self, Renounce Religion, Depart the Abyss, Bend Space


You were on level 3 of the Dungeon.
You worshipped Lugonu.
Lugonu was pleased with you.
You visited 1 branch of the dungeon, and saw 3 of its levels.
You visited the Abyss 1 time.

You collected 87 gold pieces.

Inventory:

Hand Weapons
 a - a +1 falchion (weapon)
Armour
 b - a +0 leather armour
 d - a +0 chain mail (worn)
Scrolls
 c - 2 scrolls of identify {unknown}
 f - a scroll of blinking {unknown}
 i - 4 scrolls of teleportation {unknown}
 j - 5 scrolls of immolation {unknown}
 p - a scroll of enchant armour {unknown}
Potions
 h - a potion of curing {unknown}
 l - a potion of lignification {unknown}
 m - a potion of attraction {unknown}
 n - a potion of magic {unknown}
 o - 3 potions of might


   Skills:
 + Level 3.8 Fighting
 + Level 2.5 Long Blades
 + Level 3.9 Armour
 - Level 1.0 Dodging
 + Level 2.8 Invocations


You had 3 spell levels left.
You didn't know any spells.
Your spell library contained the following spells:

 Spells                   Type           Power      Damage    Failure   Level
 Beastly Appendage        Tmut           0%         N/A       100%        1
 Wereblood                Tmut           0%         N/A       100%        2
 Spider Form              Tmut/Pois      0%         N/A       100%        3
 Ice Form                 Ice/Tmut       0%         N/A       100%        4
 Hydra Form               Tmut           0%         N/A       100%        5


Dungeon Overview and Level Annotations

Branches:
Dungeon (3/15)

Altars:
Hepliaklqana

Annotations:
D:3 Robin


Innate Abilities, Weirdness & Mutations

You cannot be hasted, slowed, berserked, paralysed or teleported.
You can dig through walls and to a lower floor.
You have a pair of large antennae on your head. (SInv)
Your four strong arms can wield two-handed weapons with a shield.


Message History

You are too injured to fight recklessly!
You are too injured to fight recklessly!
You are too injured to fight recklessly!
You are too injured to fight recklessly!
You are too injured to fight recklessly!
You are too injured to fight recklessly!
You are too injured to fight recklessly!
You are too injured to fight recklessly!
You are too injured to fight recklessly!
You are too injured to fight recklessly!
You are too injured to fight recklessly!
You are too injured to fight recklessly!
Unknown command.
Your chain mail prevents you from hitting Robin.
Robin is almost dead.
Robin hits you with a +4 club.
* * * LOW HITPOINT WARNING * * *
The goblin closely misses you.
Unknown command.
Unknown command.
It was a potion of berserk rage.
Your stasis prevents you from going berserk.
Robin hits you but does no damage. The goblin hits you with a +0 dagger.
* * * LOW HITPOINT WARNING * * *
Unknown command.
Unknown command.
It was a potion of degeneration.
There was something very wrong with that liquid.
You feel weakened.
You feel dopey.
You feel clumsy. Robin barely misses you.
The goblin hits you but does no damage.
Unknown command.
It was a potion of haste.
Your stasis prevents you from being hasted.
The goblin hits you but does no damage.
Unknown command.
Unknown command.
It was a potion of might.
You feel very mighty all of a sudden. Robin hits you with a +4 club.
You die...

##'####....#...######
#.##.#.#### #.##
#.####...#....###.##.#.#
#..# #.#
#...#....'......#.# ##.#
#.# #####....####.###.#
#.# #.#
###.......#.#...# #.#
#.# #.'...........######
#.# #.#
#.#.g..##.#†)......# #.#
#.# ####g#.#...#.#.###.#
#.# #.# #@ggg....#.#.#
#.# #.# ####.....#.#.#
#.###'### #######.#.#..
#..#....# #..{{...#.###
##.#....# ####{.###.#
#.#...## #..).#..
#....## #....... ##.#+#
#..{###gg. ##...##
.<...{ {..


You could see Robin, a hobgoblin (strong) and 3 goblins.

Vanquished Creatures
  2 adders (D:2)
  2 dart slugs
  5 orcs (D:3)
  An endoplasm (D:1)
  5 giant cockroaches
  10 goblins
  4 hobgoblins
  4 jackals (D:1)
  5 kobolds
  5 quokkas
  4 ball pythons
  2 bats
  6 frilled lizards
  4 rats
59 creatures vanquished.

Notes
Turn   | Place    | Note
-------+----------+-------------------------------------------
     0 | Abyss:1  | ZappyNine the Formicid Abyssal Knight began the quest for
                  | the Orb.
     0 | Abyss:1  | Reached XP level 1. HP: 18/18 MP: 2/2
    32 | D:1      | Escaped the Abyss
   102 | D:1      | Reached skill level 1 in Dodging
   348 | D:1      | Reached XP level 2. HP: 22/24 MP: 3/3
   444 | D:1      | Found a faded altar of an unknown god.
   493 | D:1      | Reached XP level 3. HP: 26/29 MP: 4/4
  1102 | D:1      | Reached ** piety under Lugonu
  1571 | D:2      | Reached XP level 4. HP: 34/35 MP: 5/5
  1613 | D:2      | Found a hazy altar of Hepliaklqana.
  2713 | D:3      | Noticed Robin
  2738 | D:3      | HP: 1/37 [goblin/+0 dagger[Robin] (4)]
  2741 | D:3      | Slain by Robin

Illustrated notes

Levels and vault maps discovered:
D:1:      dpeg_arrival_tiny_a, layout_basic, basic_ecumenical_altar
D:2:      layout_rooms, basic_altar, kennysheep_generic_room_9
D:3:      layout_basic, chequers_temple_overflow_minitemple, minivault_25,
          uniq_robin

Skill      XL: |  1  2 |
---------------+-------+-----
Dodging        | 1 |  1.0
Armour         | 3 |  3.9
Fighting       | |  3.8
Long Blades    | |  2.5
Invocations    | |  2.8

Action                   |  1- 3 |  4- 6 || total
-------------------------+-------+-------++-------
Melee: Falchion          |   120 |    89 ||   209
  Use: Potion            |       |     4 ||     4
Armor: Leather armour    |     3 |       ||     3
       Chain mail        |   107 |    73 ||   180
Dodge: Dodged            |    58 |    29 ||    87
       Rpst.: Falchion   |    21 |    10 ||    31

Table legend: (Time is in decaauts)
 A = Elapsed time spent in this place.
 B = Non-inter-level travel time spent in this place.
 C = Inter-level travel time spent in this place.
 D = Time resting spent in this place.
 E = Time spent auto-exploring this place.
 F = Levels seen in this place.
 G = Mean time per level.
                   A        B        C        D        E       F      G
               +--------+--------+--------+--------+--------+-----+--------+
         Total |   2779 |   2741 |     38 |    426 |   1824 |   4 |  694.8 |
       Dungeon |   2747 |   2709 |     38 |    426 |   1801 |   3 |  915.7 |
         Abyss |     32 |     32 |      0 |      0 |     23 |   1 |   32.0 |
               +--------+--------+--------+--------+--------+-----+--------+

Top non-repeatable levels by time:
     D:1: 1371 daAuts
     D:3: 763 daAuts
     D:2: 612 daAuts
 Abyss:1: 32 daAuts
